 Dungeon Crawl Stone Soup version 0.21.0-3-g78d12a8 (webtiles) character file.

1357 Ignatius881 the Chiller (level 8, -16/58 HPs)
             Began as a Gnoll Wanderer on Jan 9, 2018.
             Demolished by a cyan ugly thing (17 damage)
             ... on level 6 of the Dungeon.
             The game lasted 00:24:15 (7951 turns).

Ignatius881 the Chiller (Gnoll Wanderer)            Turns: 7951, Time: 00:24:15

Health: -16/58     AC:  5    Str: 17    XL:     8   Next: 64%
Magic:  13/17      EV: 12    Int: 14    God:
Gold:   204        SH:  0    Dex: 15    Spells: 7/19 levels left

rFire    . . .     SeeInvis .   l - +2 mace (crush)
rCold    . . .     Gourm    .   (no shield)
rNeg     . . .     Faith    .   q - +0 ring mail
rPois    .         Spirit   .   (no helmet)
rElec    .         Reflect  .   (no cloak)
rCorr    .         Harm     .   (no gloves)
MR       .....                  (no boots)
Stlth    ++........             (no amulet)
HPRegen  0.19/turn              (no ring)
MPRegen  0.15/turn              (no ring)

@: no status effects
A: distributed training, fangs 1, strong nose
a: no special abilities


You were on level 6 of the Dungeon.
You were not hungry.

You visited 1 branch of the dungeon, and saw 6 of its levels.

You collected 204 gold pieces.

Inventory:

Hand Weapons
 a - a +0 club
 h - a +0 hand axe
   (You found it on level 2 of the Dungeon)
 l - a +2 mace of crushing (weapon)
   (You found it on level 2 of the Dungeon)
Missiles
 j - 96 stones (quivered)
Armour
 d - a +0 robe
 m - a +0 pair of boots
   (You found it on level 1 of the Dungeon)
 p - a +0 hat
   (You found it on level 2 of the Dungeon)
 q - a +0 ring mail (worn)
   (You found it on level 3 of the Dungeon)
 z - a +0 helmet
   (You found it on level 4 of the Dungeon)
Jewellery
 t - a +2 ring of protection {unknown}
   (You found it on level 3 of the Dungeon)
 v - a +4 amulet of reflection {unknown}
   (You found it on level 4 of the Dungeon)
 C - an uncursed amulet of guardian spirit
   (You found it on level 5 of the Dungeon)
Wands
 A - a wand of enslavement (13)
   (You found it on level 5 of the Dungeon)
Scrolls
 g - 3 scrolls of teleportation {unknown}
 i - a scroll of fear {unknown}
 k - 2 scrolls of amnesia {unknown}
 o - 2 scrolls of remove curse {@r2}
 r - 2 scrolls of immolation {unknown}
 w - a scroll of random uselessness {unknown}
 y - 3 scrolls of magic mapping {unknown}
Potions
 c - 6 potions of curing {@q1}
 n - a potion of resistance {unknown}
 s - a potion of flight {unknown}
 u - a potion of invisibility {unknown}
 x - a potion of mutation {unknown}
 B - a potion of might {unknown}
 D - a potion of haste {@q3}
Books
 b - the Grimoire of Poisoning

   Spells                             Type                      Level
   a - Sting                          Conjuration/Poison           1
   b - Spider Form                    Transmutation/Poison         3
 e - a book of Conjurations
Comestibles
 f - 4 rations


   Skills:
 + Level 3.3 Fighting
 + Level 3.3 Short Blades
 + Level 3.3 Long Blades
 + Level 3.3 Axes
 + Level 3.3 Maces & Flails
 + Level 3.3 Polearms
 + Level 3.3 Staves
 + Level 3.3 Slings
 + Level 3.3 Bows
 + Level 3.3 Crossbows
 + Level 3.3 Throwing
 + Level 3.3 Armour
 + Level 3.3 Dodging
 + Level 4.1 Stealth
 + Level 4.3 Shields
 + Level 3.3 Unarmed Combat
 + Level 6.1 Spellcasting
 + Level 4.7 Conjurations
 + Level 2.7 Hexes
 + Level 2.7 Charms
 + Level 2.7 Summonings
 + Level 2.7 Necromancy
 + Level 2.7 Translocations
 + Level 2.7 Transmutations
 + Level 2.7 Fire Magic
 + Level 6.1 Ice Magic
 + Level 2.7 Air Magic
 + Level 2.7 Earth Magic
 + Level 3.5 Poison Magic
 + Level 3.7 Invocations
 + Level 3.3 Evocations


You had 7 spell levels left.
You knew the following spells:

 Your Spells              Type           Power        Failure   Level  Hunger
a - Magic Dart            Conj           ###.         4%          1    None
b - Sting                 Conj/Pois      ###.         4%          1    None
c - Searing Ray           Conj           ###...       6%          2    #......
d - Iskenderun's Mystic   Conj           ###.....     36%         4    ####...
e - Fulminant Prism       Conj/Hex       ##........   52%         4    ####...


Dungeon Overview and Level Annotations

Branches:
Dungeon (6/15)
 Temple: D:4-7

Altars:
Ashenzari


Innate Abilities, Weirdness & Mutations

Your experience applies equally to all skills.
You have very sharp teeth.
Your uncanny sense of smell can sniff out nearby items.


Message History

The searing ray hits the crimson imp. (Press . to maintain the ray.)
A centaur skeleton comes into view.
The searing ray hits the crimson imp.
You kill the crimson imp!
Aim: a centaur skeleton The magic dart hits the centaur skeleton.
Aim: a centaur skeleton (lightly damaged)
The searing ray hits the centaur skeleton. (Press . to maintain the ray.)
The centaur skeleton hits you.
The searing ray hits the centaur skeleton.
The centaur skeleton closely misses you.
The searing ray hits the centaur skeleton.
The centaur skeleton hits you but does no damage.
The centaur skeleton barely misses you.
The searing ray hits the centaur skeleton.
You destroy the centaur skeleton!
You finish channeling your searing ray.
You start resting.
You start resting.
You are feeling very hungry.
You start resting.
Found an orange potion.
B - an orange potion You open the large door.
There is a large open door here.
A yak and an ugly thing come into view.
The cyan ugly thing gurgles horribly!
The yak moves out of view.
You eat one of the 5 rations.
That ration really hit the spot!
Aim: a cyan ugly thing The searing ray misses the cyan ugly thing. (Press . to maintain the ray.)
The searing ray hits the cyan ugly thing.
The cyan ugly thing tail-slaps you! The cyan ugly thing shocks you!
The searing ray hits the cyan ugly thing.
The cyan ugly thing tail-slaps you!
* * * LOW HITPOINT WARNING * * *
The cyan ugly thing shocks you!
* * * LOW HITPOINT WARNING * * *
The searing ray hits the cyan ugly thing.
The searing ray hits the yak.
You finish channeling your searing ray.
The cyan ugly thing closely misses you. The cyan ugly thing closely misses you.
The yak gores you.
* * * LOW HITPOINT WARNING * * *
The cyan ugly thing tail-slaps you.
* * * LOW HITPOINT WARNING * * *
The cyan ugly thing shocks you!
You die...

#######.########...#####
#.# #....<..# #.#
#.###.#.# #.# #...#.#
#.# ##.##.# ∆..# #.##.#
.. #....# ####''####
##≈≈≈@.≈§≈##
##≈§≈≈uY≈≈≈§##
##§≈≈≈≈..§≈≈§§#
#≈§≈≈≈§..§≈§§≈≈
≈§§§≈§§§.≈≈§§≈≈
≈§§§§§≈§.§≈§≈≈≈
§≈§§§≈§..§≈§≈≈≈
≈≈≈≈≈≈8..8≈≈≈§≈
§§≈≈.##§§≈§≈§


You could see a cyan ugly thing and a yak.

Vanquished Creatures
  A steam dragon (D:5)
  Menkaure (D:6)
  A phantom (D:5)
  An ogre (D:5)
  A centaur (D:5)
  A bullfrog (D:3)
  A scorpion (D:5)
  3 crimson imps
  2 orc priests (D:4)
  2 centaur skeletons
  A bullfrog skeleton (D:4)
  3 hounds
  A jelly (D:5)
  4 orc wizards
  Terence (D:3)
  A worker ant (D:5)
  2 gnolls (D:5)
  7 adders
  A shadow imp (D:5)
  2 adder zombies (D:5)
  2 worms
  2 dart slugs
  6 leopard geckos
  17 orcs
  4 giant cockroaches
  8 goblins
  8 hobgoblins
  A jackal (D:5)
  A quokka (D:2)
  11 bats
  8 frilled lizards
  10 kobolds
  A quokka skeleton (D:5)
  9 rats
125 creatures vanquished.

Notes
Turn   | Place    | Note
-------+----------+-------------------------------------------
     0 | D:1      | Ignatius881 the Gnoll Wanderer began the quest for the Orb.
     0 | D:1      | Ignatius881 set off with: a +0 club, the Grimoire of Poisoning, a potion of curing {@q1}, a +0 robe, a book of Conjurations, a ration
     0 | D:1      | Reached XP level 1. HP: 13/13 MP: 6/6
     0 | D:1      | Identified the Grimoire of Poisoning
     2 | D:1      | Learned a level 1 spell: Magic Dart
     4 | D:1      | Learned a level 1 spell: Sting
   179 | D:1      | Reached XP level 2. HP: 17/19 MP: 1/7
   238 | D:1      | Learned a level 2 spell: Searing Ray
   972 | D:1      | Reached XP level 3. HP: 25/25 MP: 7/9
  1032 | D:1      | Reached skill level 5 in Spellcasting
  1298 | D:2      | Reached skill level 1 in Invocations
  1705 | D:2      | Reached skill level 1 in Fighting
  1705 | D:2      | Reached skill level 1 in Short Blades
  1705 | D:2      | Reached skill level 1 in Long Blades
  1705 | D:2      | Reached skill level 1 in Axes
  1705 | D:2      | Reached skill level 1 in Maces & Flails
  1705 | D:2      | Reached skill level 1 in Polearms
  1705 | D:2      | Reached skill level 1 in Staves
  1705 | D:2      | Reached skill level 1 in Slings
  1705 | D:2      | Reached skill level 1 in Bows
  1705 | D:2      | Reached skill level 1 in Crossbows
  1705 | D:2      | Reached skill level 1 in Throwing
  1705 | D:2      | Reached skill level 1 in Armour
  1705 | D:2      | Reached skill level 1 in Dodging
  1705 | D:2      | Reached skill level 1 in Unarmed Combat
  1705 | D:2      | Reached skill level 1 in Evocations
  1705 | D:2      | Reached XP level 4. HP: 29/32 MP: 6/11
  1746 | D:2      | Learned a level 4 spell: Iskenderun's Mystic Blast
  1751 | D:2      | Learned a level 4 spell: Fulminant Prism
  2570 | D:3      | Noticed Terence
  2598 | D:3      | Killed Terence
  2598 | D:3      | Reached skill level 1 in Hexes
  2598 | D:3      | Reached skill level 1 in Charms
  2598 | D:3      | Reached skill level 1 in Summonings
  2598 | D:3      | Reached skill level 1 in Necromancy
  2598 | D:3      | Reached skill level 1 in Translocations
  2598 | D:3      | Reached skill level 1 in Transmutations
  2598 | D:3      | Reached skill level 1 in Fire Magic
  2598 | D:3      | Reached skill level 1 in Air Magic
  2598 | D:3      | Reached skill level 1 in Earth Magic
  2939 | D:3      | Reached XP level 5. HP: 37/37 MP: 4/12
  3949 | D:4      | Reached XP level 6. HP: 38/44 MP: 4/13
  5036 | D:5      | Entered Level 5 of the Dungeon
  5212 | D:5      | Noticed a phantom
  5223 | D:5      | Killed a phantom
  5223 | D:5      | Reached XP level 7. HP: 50/50 MP: 1/15
  5351 | D:5      | Noticed a steam dragon
  6149 | D:5      | Killed a steam dragon
  6149 | D:5      | Reached XP level 8. HP: 44/57 MP: 3/16
  6562 | D:5      | Found a shattered altar of Ashenzari.
  7635 | D:6      | Noticed Menkaure
  7642 | D:6      | Killed Menkaure
  7940 | D:6      | Noticed a yak
  7940 | D:6      | Noticed a cyan ugly thing
  7951 | D:6      | HP: 1/58 [cyan ugly thing (5)]
  7951 | D:6      | Demolished by a cyan ugly thing

Skill      XL: |  1  2  3  4  5  6  7  8 |
---------------+-------------------------+-----
Poison Magic   | 2 3 |  3.5
Spellcasting   | 5 6 |  6.1
Invocations    | 1 2 3 |  3.7
Fighting       | 1 2 3 |  3.3
Short Blades   | 1 2 3 |  3.3
Long Blades    | 1 2 3 |  3.3
Axes           | 1 2 3 |  3.3
Maces & Flails | 1 2 3 |  3.3
Polearms       | 1 2 3 |  3.3
Staves         | 1 2 3 |  3.3
Slings         | 1 2 3 |  3.3
Bows           | 1 2 3 |  3.3
Crossbows      | 1 2 3 |  3.3
Throwing       | 1 2 3 |  3.3
Armour         | 1 2 3 |  3.3
Dodging        | 1 2 3 |  3.3
Unarmed Combat | 1 2 3 |  3.3
Evocations     | 1 2 3 |  3.3
Hexes          | 1 2 |  2.7
Charms         | 1 2 |  2.7
Summonings     | 1 2 |  2.7
Necromancy     | 1 2 |  2.7
Translocations | 1 2 |  2.7
Transmutations | 1 2 |  2.7
Fire Magic     | 1 2 |  2.7
Air Magic      | 1 2 |  2.7
Earth Magic    | 1 2 |  2.7
Shields        | 3 4 |  4.3
Conjurations   | 4 |  4.7
Stealth        | 3 4 |  4.1
Ice Magic      | 6 |  6.1

Action                   |  1- 3 |  4- 6 |  7- 9 || total
-------------------------+-------+-------+-------++-------
Melee: Mace              |       |    12 |     2 ||    14
       Bite              |       |     2 |       ||     2
 Cast: Magic Dart        |    81 |   114 |    80 ||   275
       Searing Ray       |     1 |    16 |    27 ||    44
       Sting             |     1 |     3 |       ||     4
  Use: Scroll            |       |     2 |     1 ||     3
  Eat: Chunk             |     2 |     7 |     5 ||    14
       Ration            |       |     1 |     2 ||     3
Armor: Robe              |     2 |       |       ||     2
       Ring mail         |       |    19 |    15 ||    34
Dodge: Dodged            |     7 |    42 |    36 ||    85
